SL
THUNDER BAY NORTHERN LIONS BC @ SEATTLE AVIATORS
08/31/2034
 
TOP OF THE 1ST
Thunder Bay Northern Lions BC batting - Pitching for Seattle Aviators : LHP Bernie Sanders
Pitching: LHP Bernie Sanders
Batting: RHB Joe Aller 0-0: Called Strike
0-1: Called Strike
0-2: Ball
1-2: Ground out 6-3 (Groundball, 56D)
Batting: RHB Jason Slaybaugh 0-0: Swinging Strike
0-1: Fly out, F9 (Flyball, 9)
Batting: LHB Luis Freitas 0-0: Called Strike
0-1: Ball
1-1: Foul Ball, location: 2F
1-2: Foul Ball, location: 2F
1-2: Ball
2-2: Ground out 4-3 (Groundball, 4S)
Top of the 1st over - 0 runs, 0 hits, 0 errors, 0 left on base; Thunder Bay 0 - Seattle 0
BOTTOM OF THE 1ST
Seattle Aviators batting - Pitching for Thunder Bay Northern Lions BC : RHP Juan Guillén
Pitching: RHP Juan Guillén
Batting: SHB Nuygen Vuong 0-0: Ball
1-0: Called Strike
1-1: Foul Ball, location: 2F
1-2: Ground out 6-3 (Groundball, 6)
Batting: LHB Thierry Honoré 0-0: Ball
1-0: Swinging Strike
1-1: Ball
2-1: DOUBLE (Line Drive, 7LM)
Batting: LHB Kenny Webster 0-0: Ball
1-0: Ball
2-0: Ball
3-0: Called Strike
3-1: Base on Balls
Batting: LHB Yataro Kodo 0-0: Fly out, F7 (Flyball, 78S)
Batting: RHB Walt Miller 0-0: Ball
1-0: Ball
2-0: Called Strike
2-1: Called Strike
2-2: Fly out, F8 (Flyball, 8RD)
Bottom of the 1st over - 0 runs, 1 hit, 0 errors, 2 left on base; Thunder Bay 0 - Seattle 0
TOP OF THE 2ND
Thunder Bay Northern Lions BC batting - Pitching for Seattle Aviators : LHP Bernie Sanders
Batting: RHB Rafael Pueblo 0-0: Foul Ball, location: 2F
0-1: Called Strike
0-2: Ball
1-2: Foul Ball, location: 2F
1-2: Fly out, F8 (Flyball, 8RS)
Batting: RHB Edgar Balerio 0-0: Swinging Strike
0-1: Ball
1-1: Ball
2-1: Ball
3-1: SINGLE (Line Drive, 4D)
Batting: RHB Ramón Degollado 0-0: Reached on error, E1 (Groundball, 13)
Edgar Balerio to second
Batting: SHB Robert La Caze 0-0: Foul Ball, location: 2F
0-1: Ball
1-1: Grounds into double play, 5-4-3 (Groundball, 56)
Top of the 2nd over - 0 runs, 1 hit, 1 error, 1 left on base; Thunder Bay 0 - Seattle 0
BOTTOM OF THE 2ND
Seattle Aviators batting - Pitching for Thunder Bay Northern Lions BC : RHP Juan Guillén
Batting: RHB Andrés López 0-0: Ball
1-0: Called Strike
1-1: Swinging Strike
1-2: Foul Ball, location: 2F
1-2: Strikes out swinging
Batting: LHB Pedro Corona 0-0: Swinging Strike
0-1: Ball
1-1: Ball
2-1: DOUBLE (Line Drive, 5D)
Batting: LHB Del Truscott 0-0: Ball
1-0: SINGLE (Line Drive, 56D)
Pedro Corona to third
Batting: RHB Tomás Gonzáles 0-0: Foul Ball, location: 2F
0-1: Ball
1-1: Ball
2-1: Swinging Strike
2-2: Ball
3-2: Grounds into double play, 4-6-3 (Groundball, 4)
Bottom of the 2nd over - 0 runs, 2 hits, 0 errors, 1 left on base; Thunder Bay 0 - Seattle 0
TOP OF THE 3RD
Thunder Bay Northern Lions BC batting - Pitching for Seattle Aviators : LHP Bernie Sanders
Batting: RHB Kasper Schuilenberg 0-0: Fly out, F8 (Flyball, 89S)
Batting: RHB Augusto Encarnación 0-0: Foul Ball, location: 2F
0-1: Swinging Strike
0-2: Foul Ball, location: 2F
0-2: Ball
1-2: Ball
2-2: SOLO HOME RUN (Flyball, 7LD), Distance : 328 ft
Batting: RHB Joe Aller 0-0: Called Strike
0-1: Fly out, F9 (Flyball, 9LMF)
Batting: RHB Jason Slaybaugh 0-0: DOUBLE (Line Drive, 9LM)
Batting: LHB Luis Freitas 0-0: Ground out 4-3 (Groundball, 4MS)
Top of the 3rd over - 1 run, 2 hits, 0 errors, 1 left on base; Thunder Bay 1 - Seattle 0
BOTTOM OF THE 3RD
Seattle Aviators batting - Pitching for Thunder Bay Northern Lions BC : RHP Juan Guillén
Batting: SHB Nuygen Vuong 0-0: Ball
1-0: Ball
2-0: Swinging Strike
2-1: Foul Ball, location: 2F
2-2: Ball
3-2: Foul Ball, location: 2F
3-2: Foul Ball, location: 2F
3-2: Foul Ball, location: 2F
3-2: Base on Balls
Batting: LHB Thierry Honoré 0-0: Ball
1-0: Ball
2-0: Called Strike
2-1: Grounds into double play, 4-6-3 (Groundball, 4)
Batting: LHB Kenny Webster 0-0: Called Strike
0-1: Ball
1-1: Fly out, F8 (Flyball, 8RM)
Bottom of the 3rd over - 0 runs, 0 hits, 0 errors, 0 left on base; Thunder Bay 1 - Seattle 0
TOP OF THE 4TH
Thunder Bay Northern Lions BC batting - Pitching for Seattle Aviators : LHP Bernie Sanders
Batting: RHB Rafael Pueblo 0-0: Ball
1-0: Foul Ball, location: 2F
1-1: Fly out, F8 (Flyball, 8RD)
Batting: RHB Edgar Balerio 0-0: Ball
1-0: Ball
2-0: Ball
3-0: Called Strike
3-1: Fly out, F8 (Flyball, 8RXD)
Batting: RHB Ramón Degollado 0-0: Called Strike
0-1: Ball
1-1: SINGLE (Line Drive, 6D)
Batting: SHB Robert La Caze 0-0: Called Strike
0-1: Ball
1-1: Ball
2-1: Foul Ball, location: 2F
2-2: Ball
3-2: Base on Balls
Ramón Degollado to second
Batting: RHB Kasper Schuilenberg 0-0: Fly out, F9 (Flyball, 9LM)
Top of the 4th over - 0 runs, 1 hit, 0 errors, 2 left on base; Thunder Bay 1 - Seattle 0
BOTTOM OF THE 4TH
Seattle Aviators batting - Pitching for Thunder Bay Northern Lions BC : RHP Juan Guillén
Batting: LHB Yataro Kodo 0-0: Called Strike
0-1: Swinging Strike
0-2: Ball
1-2: Ball
2-2: Foul Ball, location: 2F
2-2: Fly out, F7 (Flyball, 7LM)
Batting: RHB Walt Miller 0-0: Ground out 6-3 (Groundball, 6)
Batting: RHB Andrés López 0-0: Ball
1-0: Foul Ball, location: 2F
1-1: Ball
2-1: Fly out, F8 (Flyball, 8RM)
Bottom of the 4th over - 0 runs, 0 hits, 0 errors, 0 left on base; Thunder Bay 1 - Seattle 0
TOP OF THE 5TH
Thunder Bay Northern Lions BC batting - Pitching for Seattle Aviators : LHP Bernie Sanders
Batting: RHB Augusto Encarnación 0-0: Called Strike
0-1: Called Strike
0-2: Foul Ball, location: 2F
0-2: Strikes out looking
Batting: RHB Joe Aller 0-0: Called Strike
0-1: Ball
1-1: Foul Ball, location: 2F
1-2: Ball
2-2: Fly out, F9 (Flyball, 9S)
Batting: RHB Jason Slaybaugh 0-0: Called Strike
0-1: Ground out 4-3 (Groundball, 4)
Top of the 5th over - 0 runs, 0 hits, 0 errors, 0 left on base; Thunder Bay 1 - Seattle 0
BOTTOM OF THE 5TH
Seattle Aviators batting - Pitching for Thunder Bay Northern Lions BC : RHP Juan Guillén
Batting: LHB Pedro Corona 0-0: Ball
1-0: Called Strike
1-1: SINGLE (Groundball, 6MS) (infield hit)
Batting: LHB Del Truscott 0-0: Ball
1-0: Bunted foul
1-1: Sac Bunt - play at first, batter OUT! 2-4
Pedro Corona to second
Batting: RHB Tomás Gonzáles 0-0: Ball
1-0: SINGLE (Groundball, 56D)
Pedro Corona to third
Runner from 3rd tries for Home, SAFE, no throw
Batting: SHB Nuygen Vuong 0-0: Called Strike
0-1: Foul Ball, location: 2F
0-2: Ball
1-2: Ball
2-2: SINGLE (Groundball, 6D)
Tomás Gonzáles to second
Batting: LHB Thierry Honoré 0-0: Ball
1-0: Foul Ball, location: 2F
1-1: Ball
2-1: Foul Ball, location: 2F
2-2: Strikes out looking
Batting: LHB Kenny Webster 0-0: Called Strike
0-1: Ball
1-1: Foul Ball, location: 2F
1-2: Strikes out looking
Bottom of the 5th over - 1 run, 3 hits, 0 errors, 2 left on base; Thunder Bay 1 - Seattle 1
TOP OF THE 6TH
Thunder Bay Northern Lions BC batting - Pitching for Seattle Aviators : LHP Bernie Sanders
Batting: LHB Luis Freitas 0-0: SINGLE (Flyball, 8RS)
Batting: RHB Rafael Pueblo 0-0: Grounds into double play, 4-6-3 (Groundball, 34)
Batting: RHB Edgar Balerio 0-0: Foul Ball, location: 2F
0-1: Foul Ball, location: 2F
0-2: SINGLE (Line Drive, 56)
Batting: RHB Ramón Degollado 0-0: Called Strike
0-1: Ball
1-1: Foul Ball, location: 2F
1-2: Ball
2-2: Foul Ball, location: 2F
2-2: Foul Ball, location: 2F
2-2: Ball
3-2: Foul Ball, location: 2F
3-2: Strikes out swinging
Top of the 6th over - 0 runs, 2 hits, 0 errors, 1 left on base; Thunder Bay 1 - Seattle 1
BOTTOM OF THE 6TH
Seattle Aviators batting - Pitching for Thunder Bay Northern Lions BC : RHP Juan Guillén
Batting: LHB Yataro Kodo 0-0: Ball
1-0: Ball
2-0: Fly out, F7 (Flyball, 7LMF)
Batting: RHB Walt Miller 0-0: Ball
1-0: Called Strike
1-1: Ball
2-1: Foul Ball, location: 2F
2-2: Fly out, F8 (Flyball, 8LD)
Batting: RHB Andrés López 0-0: Foul Ball, location: 2F
0-1: Ball
1-1: Foul Ball, location: 2F
1-2: Ball
2-2: Strikes out swinging
Bottom of the 6th over - 0 runs, 0 hits, 0 errors, 0 left on base; Thunder Bay 1 - Seattle 1
TOP OF THE 7TH
Thunder Bay Northern Lions BC batting - Pitching for Seattle Aviators : LHP Bernie Sanders
Pinch Hitting: RHB Juan Pedraza 0-0: Called Strike
0-1: Ground out 5-3 (Groundball, 5L)
Batting: RHB Kasper Schuilenberg 0-0: Ball
1-0: DOUBLE (Line Drive, 78D)
Batting: RHB Augusto Encarnación 0-0: Called Strike
0-1: Ball
1-1: Fly out, F9 (Flyball, 9LMF)
Batting: RHB Joe Aller 0-0: Intentional Walk
Batting: RHB Jason Slaybaugh 0-0: Fielders Choice at 2nd, 4-6 (Groundball, 4MD)
Top of the 7th over - 0 runs, 1 hit, 0 errors, 2 left on base; Thunder Bay 1 - Seattle 1
BOTTOM OF THE 7TH
Seattle Aviators batting - Pitching for Thunder Bay Northern Lions BC : RHP Juan Guillén
Now in LF: Juan Pedraza
Batting: LHB Pedro Corona 0-0: Called Strike
0-1: Ball
1-1: Called Strike
1-2: Strikes out swinging, 2-3 out at first.
Batting: LHB Del Truscott 0-0: Ball
1-0: Called Strike
1-1: Ball
2-1: Called Strike
2-2: Foul Ball, location: 2F
2-2: SINGLE (Line Drive, 7S)
Pinch Hitting: SHB Paul Wite 0-0: Ball
1-0: Ball
2-0: Foul Ball, location: 2F
2-1: Ball
3-1: Foul Ball, location: 2F
3-2: Strikes out swinging
Pitching: LHP Cherles Gachineiro
Batting: SHB Nuygen Vuong 0-0: Ball
1-0: Ball
2-0: Ball
3-0: Called Strike
3-1: Called Strike
3-2: Strikes out swinging
Bottom of the 7th over - 0 runs, 1 hit, 0 errors, 1 left on base; Thunder Bay 1 - Seattle 1
TOP OF THE 8TH
Thunder Bay Northern Lions BC batting - Pitching for Seattle Aviators : LHP Bernie Sanders
Now at 3B: Paul Wite
Batting: LHB Luis Freitas 0-0: Swinging Strike
0-1: Ball
1-1: Fly out, F3 (Popup, 3F)
Batting: RHB Rafael Pueblo 0-0: Ball
1-0: Called Strike
1-1: Ball
2-1: Foul Ball, location: 2F
2-2: Ground out 6-3 (Groundball, 6)
Batting: RHB Edgar Balerio 0-0: Ball
1-0: Foul Ball, location: 2F
1-1: Called Strike
1-2: Ground out 1-3 (Groundball, 15S)
Top of the 8th over - 0 runs, 0 hits, 0 errors, 0 left on base; Thunder Bay 1 - Seattle 1
BOTTOM OF THE 8TH
Seattle Aviators batting - Pitching for Thunder Bay Northern Lions BC : LHP Cherles Gachineiro
Pinch Hitting: RHB Arlen Joysey 0-0: Ball
1-0: Foul Ball, location: 2F
1-1: Fly out, F8 (Flyball, 8RM)
Pinch Hitting: RHB Lester Kwiatkowski 0-0: Called Strike
0-1: Called Strike
0-2: Ball
1-2: Ball
2-2: Ball
3-2: SINGLE (Line Drive, 78M)
Pinch Runner at 1st Alfredo Méndez:
Batting: LHB Yataro Kodo 0-0: SINGLE (Groundball, 34D)
Alfredo Méndez to second
Runner from 2nd tries for 3rd, SAFE, throw made to third
Batting: RHB Walt Miller 0-0: Called Strike
0-1: Ball
1-1: Ball
2-1: Swinging Strike
2-2: Ball
3-2: Base on Balls
Yataro Kodo to second
Batting: RHB Andrés López 0-0: Ball
1-0: SINGLE (Groundball, 6MD)
Alfredo Méndez scores
Yataro Kodo to third
Walt Miller to second
Batting: LHB Pedro Corona 0-0: Foul Ball, location: 2F
0-1: Fly out, F7 (Flyball, 56D)
Batting: LHB Del Truscott 0-0: Foul Ball, location: 2F
0-1: Ball
1-1: Ball
2-1: Ball
3-1: Foul Ball, location: 2F
3-2: Base on Balls
Yataro Kodo scores
Walt Miller to third
Andrés López to second
Pitching: RHP Mitchell Atwell
Batting: SHB Paul Wite 0-0: Ball
1-0: Ball
2-0: Called Strike
2-1: Ball
3-1: Base on Balls
Walt Miller scores
Andrés López to third
Del Truscott to second
Batting: SHB Nuygen Vuong 0-0: Ball
1-0: Ground out U3 (Groundball, 3L)
Bottom of the 8th over - 3 runs, 3 hits, 0 errors, 3 left on base; Thunder Bay 1 - Seattle 4
TOP OF THE 9TH
Thunder Bay Northern Lions BC batting - Pitching for Seattle Aviators : LHP Bernie Sanders
Pitching: LHP Holden Rosen Grupp
Now at 1B: Arlen Joysey
Now at SS: Alfredo Méndez
Batting: RHB Ramón Degollado 0-0: Ball
1-0: Ground out 6-3 (Groundball, 6MD)
Batting: RHB Juan Pedraza 0-0: Ball
1-0: Called Strike
1-1: Called Strike
1-2: Ball
2-2: Ground out 6-3 (Groundball, 6)
Batting: RHB Kasper Schuilenberg 0-0: Foul Ball, location: 2F
0-1: Ball
1-1: Foul Ball, location: 2F
1-2: SINGLE (Groundball, 6MD)
Batting: RHB Augusto Encarnación 0-0: Ball
1-0: Called Strike
1-1: Ball
2-1: Ball
3-1: Called Strike
3-2: Fly out, F7 (Flyball, 78D)
Top of the 9th over - 0 runs, 1 hit, 0 errors, 1 left on base; Thunder Bay 1 - Seattle 4
Friday, March 29th, 2019 - OOTP Baseball 18.8 Build 76